2445 views
Uploaded 2022-04-17 00:01:15
Game version 1.32.10
93:55 long 2on2 ladder game on (5)CircleofFallenHeroes
Saved by Cabeelibob
2445 views
Uploaded 2022-04-17 00:01:15
Game version 1.32.10
93:55 long 2on2 ladder game on (5)CircleofFallenHeroes


99 units @ 13.2k
/ 1.6k
53 buildings @ 9k
/ 3.9k
⇛
NightKnight
(91:35) : 

| Healing Salve | 9 | 900 |
| Lesser Clarity Potion | 13 | 910 |
| Tiny Great Hall | 2 | 1200 |
| Orb of Lightning | 1 | 375 |
| Potion of Healing | 3 | 450 |
| Potion of Mana | 1 | 200 |
| Scroll of Speed | 2 | 100 |
| Scroll of Town Portal | 3 | 1050 |
| Staff of Teleportation | 3 | 450 |
| Potion of Lesser Invulnerability | 4 | 600 |
| Boots of Speed | 1 | 250 |
| total: | 42 | 6485g |
| Peon | 20 | 1500 | / | 0 |
| Grunt | 9 | 1800 | / | 0 |
| Demolisher | 7 | 1540 | / | 350 |
| Troll Headhunter | 5 | 700 | / | 100 |
| Tauren | 1 | 280 | / | 80 |
| Troll Berserker | 6 | 840 | / | 120 |
| Troll Batrider | 6 | 960 | / | 240 |
| total: | 54 | 7620g | / | 890w |
| Watch Tower | 14 | 1540 | / | 1120 |
| Barracks | 4 | 720 | / | 200 |
| Altar of Storms | 2 | 360 | / | 100 |
| Orc Burrow | 6 | 960 | / | 240 |
| War Mill | 2 | 410 | / | 0 |
| Voodoo Lounge | 1 | 130 | / | 30 |
| Great Hall | 4 | 1540 | / | 740 |
| Tauren Totem | 2 | 270 | / | 310 |
| Beastiary | 1 | 145 | / | 140 |
| Stronghold | 2 | 630 | / | 380 |
| Fortress | 2 | 650 | / | 380 |
| total: | 36 | 6075g | / | 2880w |
| 0:02 | Peon |
| 0:02 | Peon |
| 0:06 | Barracks |
| 0:08 | Barracks |
| 0:22 | Altar of Storms |
| 0:26 | Orc Burrow |
| 0:35 | Peon |
| 0:46 | Peon |
| 1:10 | Peon |
| 1:14 | Peon |
| 1:17 | Grunt |
| 1:33 | Peon |
| 1:42 | Orc Burrow |
| 1:50 | Grunt |
| 2:11 | War Mill |
| 2:29 | Mirror Image |
| 2:36 | Grunt |
| 3:13 | Stronghold |
| 3:21 | Grunt |
| 3:41 | Grunt |
| 3:56 | Steel Melee Weapons |
| 4:16 | Grunt |
| 4:38 | Orc Burrow |
| 4:42 | Watch Tower |
| 4:45 | Voodoo Lounge |
| 4:57 | Critical Strike |
| 5:00 | Steel Armor |
| 5:59 | Healing Salve |
| 6:00 | Lesser Clarity Potion |
| 6:00 | Lesser Clarity Potion |
| 6:09 | Peon |
| 6:16 | Berserker Strength |
| 6:51 | Grunt |
| 7:20 | Fortress |
| 7:23 | Orc Burrow |
| 8:50 | Barracks |
| 8:52 | Barracks |
| 9:04 | Demolisher |
| 9:29 | Healing Salve |
| 9:33 | Reinforced Defenses |
| 9:35 | Watch Tower |
| 9:36 | Watch Tower |
| 9:39 | Demolisher |
| 9:40 | Grunt |
| 9:46 | Peon |
| 9:47 | Peon |
| 10:18 | Tiny Great Hall |
| 10:29 | Scroll of Town Portal |
| 10:40 | Grunt |
| 10:45 | Peon |
| 10:46 | Peon |
| 11:12 | Demolisher |
| 11:23 | Critical Strike |
| 11:37 | Peon |
| 12:03 | Demolisher |
| 12:25 | Peon |
| 12:26 | Peon |
| 12:39 | Burning Oil |
| 12:45 | Peon |
| 13:02 | Demolisher |
| 13:14 | Peon |
| 13:14 | Peon |
| 13:17 | Peon |
| 13:17 | Peon |
| 13:36 | Mirror Image |
| 13:49 | Thorium Armor |
| 14:21 | Watch Tower |
| 14:33 | Serpent Ward |
| 14:36 | Tauren Totem |
| 14:37 | Tauren Totem |
| 15:37 | Troll Headhunter |
| 16:09 | Troll Headhunter |
| 16:09 | Troll Headhunter |
| 17:03 | Orc Burrow |
| 17:04 | Orc Burrow |
| 17:07 | Watch Tower |
| 17:08 | Watch Tower |
| 17:11 | Arcanite Armor |
| 17:27 | War Mill |
| 18:18 | Tauren |
| 18:36 | Demolisher |
| 19:33 | Critical Strike |
| 20:39 | Great Hall |
| 20:58 | Troll Headhunter |
| 20:59 | Troll Headhunter |
| 21:00 | Berserker Upgrade |
| 21:08 | Watch Tower |
| 21:11 | Steel Ranged Weapons |
| 21:13 | Healing Salve |
| 21:24 | Lesser Clarity Potion |
| 21:27 | Orb of Lightning |
| 21:36 | Tiny Great Hall |
| 22:05 | Scroll of Town Portal |
| 22:12 | Watch Tower |
| 22:13 | Watch Tower |
| 22:17 | Watch Tower |
| 22:22 | Troll Berserker |
| 22:54 | Watch Tower |
| 24:01 | Troll Berserker |
| 24:09 | Watch Tower |
| 25:23 | Troll Berserker |
| 25:47 | Healing Salve |
| 25:50 | Lesser Clarity Potion |
| 25:57 | Potion of Healing |
| 26:33 | Troll Regeneration |
| 29:05 | Great Hall |
| 29:44 | Bladestorm |
| 29:55 | Troll Berserker |
| 32:50 | Troll Berserker |
| 34:31 | Great Hall |
| 37:15 | Healing Salve |
| 37:47 | Lesser Clarity Potion |
| 38:13 | Stronghold |
| 38:37 | Staff of Teleportation |
| 38:47 | Potion of Lesser Invulnerability |
| 39:21 | Watch Tower |
| 40:19 | Wind Walk |
| 40:47 | Demolisher |
| 41:02 | Great Hall |
| 42:22 | Fortress |
| 42:28 | Beastiary |
| 42:40 | Lesser Clarity Potion |
| 42:42 | Healing Salve |
| 43:17 | Potion of Lesser Invulnerability |
| 43:33 | Troll Batrider |
| 46:09 | Watch Tower |
| 46:11 | Troll Berserker |
| 46:56 | Lesser Clarity Potion |
| 46:58 | Potion of Mana |
| 47:06 | Troll Batrider |
| 47:06 | Troll Batrider |
| 48:22 | Troll Batrider |
| 48:22 | Troll Batrider |
| 48:22 | Troll Batrider |
| 50:14 | Healing Wave |
| 50:18 | Lesser Clarity Potion |
| 50:27 | Scroll of Speed |
| 50:59 | Potion of Lesser Invulnerability |
| 57:51 | Healing Salve |
| 57:52 | Potion of Healing |
| 58:58 | Liquid Fire |
| 59:13 | Lesser Clarity Potion |
| 60:34 | Healing Salve |
| 60:59 | Lesser Clarity Potion |
| 61:31 | Scroll of Town Portal |
| 61:32 | Staff of Teleportation |
| 63:34 | Altar of Storms |
| 69:36 | Healing Salve |
| 69:40 | Lesser Clarity Potion |
| 70:05 | Scroll of Speed |
| 70:38 | Boots of Speed |
| 75:12 | Potion of Lesser Invulnerability |
| 75:16 | Staff of Teleportation |
| 75:37 | Lesser Clarity Potion |
| 75:51 | Potion of Healing |
| 78:38 | Lesser Clarity Potion |
| 82:22 | Spiked Barricades |
| 83:26 | Improved Spiked Barricades |
| Right click | 3451 |
| Select | 2575 |
| Misc. action | 589 |
| Build/train/purchase | 374 |
| Select group | 359 |
| Chat | 312 |
| Assign group | 65 |
| Minimap ping | 64 |
| Use ability | 57 |
| Resource trade | 49 |
| Item give/drop | 22 |
| Esc | 12 |
| Remove unit | 2 |

| Healing Salve | 2 | 200 |
| Lesser Clarity Potion | 4 | 280 |
| Scroll of Speed | 2 | 100 |
| Potion of Healing | 2 | 300 |
| Potion of Mana | 1 | 200 |
| total: | 11 | 1080g |
| Peon | 11 | 825 | / | 0 |
| Troll Headhunter | 17 | 2380 | / | 340 |
| Troll Berserker | 17 | 2380 | / | 340 |
| total: | 45 | 5585g | / | 680w |
| Orc Burrow | 10 | 1600 | / | 400 |
| Altar of Storms | 1 | 180 | / | 50 |
| Barracks | 1 | 180 | / | 50 |
| War Mill | 1 | 205 | / | 0 |
| Voodoo Lounge | 1 | 130 | / | 30 |
| Great Hall | 1 | 385 | / | 185 |
| Beastiary | 2 | 290 | / | 280 |
| Stronghold | 2 | 630 | / | 380 |
| Fortress | 1 | 325 | / | 190 |
| total: | 17 | 2970g | / | 995w |
| 0:07 | Orc Burrow |
| 0:10 | Altar of Storms |
| 0:12 | Barracks |
| 0:24 | Peon |
| 0:36 | Peon |
| 0:47 | Peon |
| 1:12 | Peon |
| 1:12 | Peon |
| 1:24 | War Mill |
| 1:31 | Peon |
| 1:53 | Peon |
| 2:00 | Orc Burrow |
| 2:31 | Feral Spirit |
| 2:52 | Troll Headhunter |
| 2:52 | Troll Headhunter |
| 2:53 | Troll Headhunter |
| 2:53 | Troll Headhunter |
| 3:23 | Troll Headhunter |
| 3:27 | Voodoo Lounge |
| 3:31 | Steel Ranged Weapons |
| 3:50 | Troll Headhunter |
| 4:39 | Orc Burrow |
| 4:46 | Chain Lighting |
| 4:51 | Steel Armor |
| 4:54 | Troll Headhunter |
| 4:54 | Troll Headhunter |
| 5:52 | Feral Spirit |
| 6:06 | Stronghold |
| 6:07 | Troll Headhunter |
| 6:08 | Troll Headhunter |
| 6:26 | Healing Salve |
| 6:32 | Lesser Clarity Potion |
| 6:35 | Scroll of Speed |
| 6:53 | Orc Burrow |
| 7:50 | Chain Lighting |
| 9:27 | Fortress |
| 9:29 | Thorium Ranged Weapons |
| 9:29 | Thorium Armor |
| 9:30 | Reinforced Defenses |
| 9:39 | Troll Regeneration |
| 9:42 | Orc Burrow |
| 9:47 | Troll Headhunter |
| 9:47 | Troll Headhunter |
| 9:47 | Troll Headhunter |
| 9:47 | Troll Headhunter |
| 11:53 | Berserker Upgrade |
| 11:55 | Troll Headhunter |
| 11:55 | Troll Headhunter |
| 11:55 | Troll Headhunter |
| 12:01 | Feral Spirit |
| 12:14 | Arcanite Ranged Weapons |
| 12:18 | Peon |
| 12:18 | Peon |
| 12:18 | Peon |
| 12:18 | Peon |
| 13:07 | Troll Berserker |
| 13:42 | Troll Berserker |
| 13:43 | Troll Berserker |
| 13:58 | Arcanite Armor |
| 15:09 | Troll Berserker |
| 15:09 | Troll Berserker |
| 15:09 | Troll Berserker |
| 15:18 | Orc Burrow |
| 15:19 | Orc Burrow |
| 15:20 | Orc Burrow |
| 16:19 | Troll Berserker |
| 16:20 | Troll Berserker |
| 16:20 | Troll Berserker |
| 16:20 | Troll Berserker |
| 17:26 | Troll Berserker |
| 17:26 | Troll Berserker |
| 17:26 | Troll Berserker |
| 19:48 | Potion of Healing |
| 19:52 | Potion of Mana |
| 19:55 | Potion of Healing |
| 20:13 | Troll Berserker |
| 20:13 | Troll Berserker |
| 20:13 | Troll Berserker |
| 20:13 | Troll Berserker |
| 20:39 | Great Hall |
| 22:19 | Orc Burrow |
| 22:20 | Orc Burrow |
| 24:31 | Earth Quake |
| 25:23 | Lesser Clarity Potion |
| 25:25 | Healing Salve |
| 25:29 | Scroll of Speed |
| 32:15 | Lesser Clarity Potion |
| 38:32 | Lesser Clarity Potion |
| 53:09 | Stronghold |
| 55:17 | Chain Lighting |
| 55:36 | Beastiary |
| 55:38 | Beastiary |
| Right click | 2486 |
| Select | 703 |
| Build/train/purchase | 144 |
| Resource trade | 63 |
| Use ability | 56 |
| Chat | 48 |
| Minimap ping | 19 |
| Misc. action | 17 |
| Item give/drop | 5 |
| Select group | 5 |
| Assign group | 2 |
137 units @ 15k
/ 2.7k
175 buildings @ 14.2k
/ 6.7k
DudeWhy
(236)
(93:45) : 

| Peasant | 19 | 1425 | / | 0 |
| Footman | 3 | 405 | / | 0 |
| Mortar Team | 10 | 1800 | / | 700 |
| Flying Machine | 17 | 1700 | / | 510 |
| total: | 49 | 5330g | / | 1210w |
| Scout Tower | 19 | 570 | / | 380 |
| Guard Tower | 8 | 560 | / | 400 |
| Arcane Tower | 2 | 140 | / | 100 |
| Altar of Kings | 3 | 540 | / | 150 |
| Farm | 25 | 2000 | / | 500 |
| Barracks | 1 | 160 | / | 60 |
| Lumber Mill | 1 | 120 | / | 0 |
| Town Hall | 2 | 770 | / | 410 |
| Blacksmith | 1 | 140 | / | 60 |
| Workshop | 5 | 700 | / | 700 |
| Keep | 1 | 320 | / | 210 |
| Castle | 1 | 360 | / | 210 |
| total: | 57 | 5000g | / | 2260w |
| 0:05 | Peasant |
| 0:07 | Altar of Kings |
| 0:09 | Altar of Kings |
| 0:11 | Peasant |
| 0:21 | Farm |
| 0:23 | Peasant |
| 0:39 | Peasant |
| 0:51 | Peasant |
| 0:55 | Barracks |
| 0:57 | Peasant |
| 1:08 | Farm |
| 1:11 | Farm |
| 1:12 | Peasant |
| 1:20 | Peasant |
| 1:37 | Lumber Mill |
| 1:59 | Footman |
| 2:02 | Peasant |
| 2:14 | Storm Bolt |
| 2:19 | Peasant |
| 2:22 | Farm |
| 3:25 | Town Hall |
| 3:41 | Peasant |
| 3:42 | Scout Tower |
| 3:46 | Scout Tower |
| 3:48 | Peasant |
| 3:49 | Peasant |
| 4:02 | Footman |
| 4:17 | Guard Tower |
| 4:20 | Scout Tower |
| 4:32 | Guard Tower |
| 5:03 | Arcane Tower |
| 5:27 | Bash |
| 5:29 | Bash |
| 5:30 | Keep |
| 5:32 | Peasant |
| 5:32 | Peasant |
| 6:00 | Improved Lumber Harvesting |
| 6:01 | Improved Masonry |
| 6:02 | Footman |
| 6:19 | Blacksmith |
| 6:32 | Scout Tower |
| 6:33 | Scout Tower |
| 7:04 | Guard Tower |
| 7:06 | Peasant |
| 7:07 | Peasant |
| 8:35 | Castle |
| 8:39 | Workshop |
| 9:09 | Advanced Lumber Harvesting |
| 9:09 | Advanced Masonry |
| 9:15 | Workshop |
| 9:23 | Mortar Team |
| 9:30 | Scout Tower |
| 9:31 | Scout Tower |
| 9:32 | Scout Tower |
| 9:33 | Scout Tower |
| 9:34 | Scout Tower |
| 9:37 | Black Gunpowder |
| 9:37 | Iron Plating |
| 10:03 | Guard Tower |
| 10:12 | Flak Cannons |
| 10:18 | Flare |
| 10:37 | Workshop |
| 10:41 | Scout Tower |
| 10:43 | Guard Tower |
| 10:44 | Guard Tower |
| 10:57 | Guard Tower |
| 11:01 | Flying Machine Bombs |
| 11:02 | Fragmentation Shards |
| 11:22 | Workshop |
| 11:44 | Imbued Masonry |
| 12:05 | Scout Tower |
| 12:08 | Scout Tower |
| 12:10 | Scout Tower |
| 12:21 | Flying Machine |
| 12:21 | Flying Machine |
| 12:32 | Altar of Kings |
| 12:46 | Farm |
| 12:48 | Farm |
| 12:50 | Farm |
| 12:52 | Farm |
| 12:53 | Farm |
| 12:54 | Farm |
| 13:20 | Guard Tower |
| 13:29 | Mortar Team |
| 13:30 | Refined Gunpowder |
| 14:34 | Holy Light |
| 14:38 | Flying Machine |
| 14:38 | Flying Machine |
| 14:39 | Flying Machine |
| 14:39 | Flying Machine |
| 14:39 | Flying Machine |
| 14:39 | Flying Machine |
| 14:39 | Flying Machine |
| 14:43 | Farm |
| 14:45 | Farm |
| 14:47 | Farm |
| 14:48 | Farm |
| 14:58 | Imbued Gunpowder |
| 16:47 | Flying Machine |
| 16:47 | Flying Machine |
| 16:47 | Flying Machine |
| 16:55 | Flying Machine |
| 16:56 | Steel Plating |
| 17:13 | Scout Tower |
| 17:15 | Scout Tower |
| 17:16 | Scout Tower |
| 17:18 | Scout Tower |
| 17:19 | Scout Tower |
| 17:30 | Farm |
| 17:30 | Farm |
| 17:50 | Farm |
| 17:52 | Flying Machine |
| 18:10 | Arcane Tower |
| 18:50 | Mortar Team |
| 19:24 | Mortar Team |
| 21:04 | Farm |
| 21:07 | Farm |
| 21:26 | Farm |
| 22:04 | Farm |
| 22:30 | Flying Machine |
| 22:31 | Flying Machine |
| 22:33 | Flying Machine |
| 23:50 | Mortar Team |
| 24:09 | Studded Leather Armor |
| 26:31 | Storm Bolt |
| 27:10 | Storm Bolt |
| 27:12 | Divine Shield |
| 28:30 | Divine Shield |
| 28:51 | Farm |
| 28:52 | Farm |
| 28:52 | Farm |
| 30:29 | Mortar Team |
| 30:34 | Mortar Team |
| 30:39 | Mortar Team |
| 30:39 | Mortar Team |
| 30:39 | Mortar Team |
| 31:46 | Workshop |
| 41:27 | Holy Light |
| 46:03 | Holy Light |
| 46:05 | Bash |
| 46:38 | Bash |
| 61:35 | Divine Shield |
| 65:46 | Storm Bolt |
| 65:47 | Storm Bolt |
| 65:49 | Divine Shield |
| 74:42 | Holy Light |
| 74:43 | Holy Light |
| 81:02 | Avatar |
| 81:04 | Avatar |
| 84:03 | Town Hall |
| 87:07 | Farm |
| 87:48 | Peasant |
| 87:48 | Peasant |
| Right click | 3914 |
| Select group | 1431 |
| Select | 725 |
| Misc. action | 345 |
| Chat | 203 |
| Use ability | 200 |
| Build/train/purchase | 139 |
| Assign group | 28 |
| Resource trade | 25 |
| Minimap ping | 22 |
| Esc | 9 |
| Item give/drop | 3 |



| Orb of Fire | 2 | 650 |
| Boots of Speed | 4 | 1000 |
| total: | 6 | 1650g |
| Peasant | 64 | 4800 | / | 0 |
| Footman | 2 | 270 | / | 0 |
| Dragonhawk Rider | 2 | 400 | / | 60 |
| Mortar Team | 16 | 2880 | / | 1120 |
| Siege Engine | 2 | 390 | / | 120 |
| Green Dragon | 1 | 745 | / | 200 |
| Green Dragon Whelp | 1 | 215 | / | 20 |
| total: | 88 | 9700g | / | 1520w |
| Scout Tower | 81 | 2430 | / | 1620 |
| Arcane Tower | 18 | 1260 | / | 900 |
| Guard Tower | 35 | 2450 | / | 1750 |
| Altar of Kings | 4 | 720 | / | 200 |
| Farm | 12 | 960 | / | 240 |
| Barracks | 1 | 160 | / | 60 |
| Lumber Mill | 4 | 480 | / | 0 |
| Arcane Vault | 3 | 390 | / | 90 |
| Town Hall | 9 | 3465 | / | 1845 |
| Blacksmith | 2 | 280 | / | 120 |
| Cannon Tower | 4 | 480 | / | 400 |
| Gryphon Aviary | 1 | 140 | / | 150 |
| Workshop | 1 | 140 | / | 140 |
| Keep | 2 | 640 | / | 420 |
| Castle | 2 | 720 | / | 420 |
| total: | 118 | 9165g | / | 4465w |
| 0:03 | Altar of Kings |
| 0:07 | Farm |
| 0:08 | Peasant |
| 0:16 | Peasant |
| 0:29 | Peasant |
| 0:44 | Farm |
| 0:51 | Peasant |
| 1:06 | Barracks |
| 1:09 | Peasant |
| 1:17 | Scout Tower |
| 1:27 | Lumber Mill |
| 1:36 | Lumber Mill |
| 1:38 | Peasant |
| 1:52 | Peasant |
| 2:04 | Farm |
| 2:08 | Storm Bolt |
| 2:11 | Peasant |
| 2:18 | Peasant |
| 2:20 | Improved Masonry |
| 2:24 | Scout Tower |
| 2:27 | Footman |
| 2:28 | Footman |
| 2:42 | Farm |
| 2:47 | Scout Tower |
| 2:58 | Arcane Tower |
| 3:06 | Peasant |
| 3:25 | Arcane Tower |
| 3:28 | Guard Tower |
| 3:33 | Scout Tower |
| 3:37 | Peasant |
| 3:45 | Scout Tower |
| 3:47 | Scout Tower |
| 3:59 | Guard Tower |
| 4:03 | Keep |
| 4:14 | Guard Tower |
| 4:15 | Guard Tower |
| 4:17 | Scout Tower |
| 4:19 | Scout Tower |
| 4:29 | Improved Lumber Harvesting |
| 4:44 | Guard Tower |
| 4:48 | Scout Tower |
| 4:51 | Scout Tower |
| 4:53 | Guard Tower |
| 4:57 | Scout Tower |
| 5:56 | Scout Tower |
| 5:59 | Scout Tower |
| 6:06 | Guard Tower |
| 6:08 | Scout Tower |
| 6:11 | Scout Tower |
| 6:23 | Guard Tower |
| 6:28 | Peasant |
| 6:28 | Peasant |
| 6:28 | Peasant |
| 6:28 | Peasant |
| 6:28 | Peasant |
| 6:44 | Advanced Masonry |
| 6:50 | Guard Tower |
| 6:58 | Peasant |
| 7:02 | Guard Tower |
| 7:08 | Scout Tower |
| 7:20 | Scout Tower |
| 7:59 | Guard Tower |
| 8:28 | Guard Tower |
| 8:31 | Scout Tower |
| 8:46 | Scout Tower |
| 8:51 | Holy Light |
| 8:57 | Arcane Tower |
| 9:11 | Castle |
| 9:17 | Arcane Tower |
| 9:20 | Scout Tower |
| 9:22 | Scout Tower |
| 9:52 | Guard Tower |
| 9:55 | Arcane Tower |
| 9:57 | Scout Tower |
| 10:00 | Scout Tower |
| 10:11 | Advanced Lumber Harvesting |
| 10:24 | Gryphon Aviary |
| 10:26 | Guard Tower |
| 10:28 | Scout Tower |
| 10:34 | Arcane Vault |
| 10:39 | Arcane Tower |
| 11:02 | Guard Tower |
| 11:07 | Scout Tower |
| 11:19 | Scout Tower |
| 12:02 | Cloud |
| 12:06 | Imbued Masonry |
| 12:21 | Arcane Tower |
| 12:47 | Guard Tower |
| 13:08 | Farm |
| 13:10 | Farm |
| 13:56 | Dragonhawk Rider |
| 13:56 | Dragonhawk Rider |
| 15:51 | Lumber Mill |
| 16:31 | Town Hall |
| 24:57 | Town Hall |
| 25:37 | Scout Tower |
| 25:52 | Scout Tower |
| 25:53 | Scout Tower |
| 25:54 | Scout Tower |
| 25:59 | Scout Tower |
| 26:00 | Scout Tower |
| 26:01 | Scout Tower |
| 27:03 | Peasant |
| 27:12 | Arcane Tower |
| 27:41 | Arcane Tower |
| 28:45 | Scout Tower |
| 29:32 | Arcane Tower |
| 29:39 | Scout Tower |
| 29:40 | Scout Tower |
| 29:40 | Scout Tower |
| 29:44 | Lumber Mill |
| 29:46 | Peasant |
| 29:46 | Peasant |
| 29:46 | Peasant |
| 29:46 | Peasant |
| 30:25 | Guard Tower |
| 30:31 | Scout Tower |
| 30:32 | Scout Tower |
| 30:32 | Scout Tower |
| 30:33 | Scout Tower |
| 30:34 | Scout Tower |
| 30:50 | Peasant |
| 30:50 | Peasant |
| 30:50 | Peasant |
| 30:50 | Peasant |
| 31:08 | Guard Tower |
| 31:11 | Scout Tower |
| 31:12 | Scout Tower |
| 31:12 | Scout Tower |
| 31:13 | Scout Tower |
| 31:15 | Guard Tower |
| 31:52 | Altar of Kings |
| 31:55 | Peasant |
| 31:55 | Peasant |
| 31:58 | Guard Tower |
| 32:06 | Scout Tower |
| 32:06 | Scout Tower |
| 32:07 | Scout Tower |
| 32:28 | Blacksmith |
| 32:37 | Keep |
| 32:46 | Arcane Tower |
| 33:44 | Black Gunpowder |
| 34:58 | Workshop |
| 35:18 | Castle |
| 35:21 | Refined Gunpowder |
| 36:22 | Farm |
| 36:25 | Farm |
| 37:14 | Farm |
| 37:14 | Farm |
| 37:19 | Mortar Team |
| 37:46 | Fragmentation Shards |
| 37:51 | Mortar Team |
| 38:06 | Scout Tower |
| 38:12 | Scout Tower |
| 38:12 | Scout Tower |
| 38:12 | Scout Tower |
| 38:13 | Scout Tower |
| 38:32 | Scout Tower |
| 38:38 | Blacksmith |
| 38:57 | Cannon Tower |
| 39:15 | Guard Tower |
| 39:16 | Scout Tower |
| 39:17 | Scout Tower |
| 39:26 | Mortar Team |
| 39:26 | Mortar Team |
| 40:12 | Guard Tower |
| 40:44 | Imbued Gunpowder |
| 40:47 | Town Hall |
| 40:53 | Altar of Kings |
| 40:59 | Altar of Kings |
| 41:56 | Mortar Team |
| 42:48 | Mortar Team |
| 43:51 | Peasant |
| 43:51 | Peasant |
| 43:51 | Peasant |
| 43:51 | Peasant |
| 44:11 | Scout Tower |
| 44:12 | Mortar Team |
| 44:15 | Scout Tower |
| 44:16 | Flare |
| 44:24 | Mortar Team |
| 44:42 | Arcane Tower |
| 44:43 | Arcane Tower |
| 45:35 | Studded Leather Armor |
| 45:48 | Mortar Team |
| 45:52 | Scout Tower |
| 46:51 | Reinforced Leather Armor |
| 48:10 | Guard Tower |
| 48:13 | Dragonhide Armor |
| 49:50 | Arcane Vault |
| 49:54 | Arcane Vault |
| 51:30 | Orb of Fire |
| 51:42 | Town Hall |
| 54:04 | Town Hall |
| 56:25 | Peasant |
| 56:25 | Peasant |
| 56:25 | Peasant |
| 59:15 | Barrage |
| 59:16 | Siege Engine |
| 60:08 | Town Hall |
| 60:13 | Orb of Fire |
| 60:50 | Boots of Speed |
| 61:05 | Boots of Speed |
| 61:37 | Farm |
| 61:40 | Farm |
| 62:46 | Siege Engine |
| 63:05 | Town Hall |
| 63:10 | Scout Tower |
| 63:11 | Scout Tower |
| 63:11 | Scout Tower |
| 63:12 | Scout Tower |
| 63:39 | Guard Tower |
| 63:40 | Guard Tower |
| 63:42 | Scout Tower |
| 64:08 | Guard Tower |
| 64:10 | Guard Tower |
| 64:50 | Scout Tower |
| 64:50 | Scout Tower |
| 65:30 | Guard Tower |
| 66:27 | Peasant |
| 66:27 | Peasant |
| 66:28 | Peasant |
| 66:28 | Peasant |
| 67:54 | Boots of Speed |
| 67:54 | Boots of Speed |
| 71:09 | Green Dragon |
| 72:01 | Peasant |
| 72:01 | Peasant |
| 72:01 | Peasant |
| 72:10 | Scout Tower |
| 72:11 | Scout Tower |
| 72:14 | Scout Tower |
| 72:28 | Peasant |
| 72:37 | Arcane Tower |
| 72:42 | Arcane Tower |
| 72:44 | Scout Tower |
| 73:02 | Arcane Tower |
| 73:12 | Guard Tower |
| 74:52 | Scout Tower |
| 74:53 | Scout Tower |
| 74:53 | Scout Tower |
| 74:59 | Scout Tower |
| 74:59 | Scout Tower |
| 75:21 | Cannon Tower |
| 75:26 | Guard Tower |
| 75:28 | Cannon Tower |
| 75:31 | Guard Tower |
| 75:49 | Guard Tower |
| 75:53 | Cannon Tower |
| 76:03 | Green Dragon Whelp |
| 76:46 | Town Hall |
| 79:54 | Peasant |
| 79:55 | Peasant |
| 79:55 | Peasant |
| 79:55 | Peasant |
| 79:55 | Peasant |
| 80:48 | Peasant |
| 80:49 | Peasant |
| 80:49 | Peasant |
| 80:49 | Peasant |
| 80:49 | Peasant |
| 81:06 | Peasant |
| 81:06 | Peasant |
| 81:06 | Peasant |
| 81:06 | Peasant |
| 81:51 | Peasant |
| 81:51 | Peasant |
| 81:51 | Peasant |
| 81:51 | Peasant |
| 81:56 | Peasant |
| 82:24 | Scout Tower |
| 82:27 | Scout Tower |
| 82:29 | Peasant |
| 82:29 | Peasant |
| 82:53 | Arcane Tower |
| 82:54 | Guard Tower |
| 82:57 | Scout Tower |
| 83:32 | Guard Tower |
| 83:35 | Scout Tower |
| 84:21 | Guard Tower |
| 85:15 | Scout Tower |
| 85:53 | Arcane Tower |
| 85:56 | Mortar Team |
| 85:56 | Mortar Team |
| 85:56 | Mortar Team |
| 85:56 | Mortar Team |
| 85:56 | Mortar Team |
| 86:42 | Town Hall |
| 86:59 | Backpack |
| 88:46 | Mortar Team |
| 88:46 | Mortar Team |
| 92:20 | Drunken Brawler |
| Right click | 2090 |
| Select group | 1335 |
| Select | 791 |
| Chat | 414 |
| Build/train/purchase | 221 |
| Misc. action | 60 |
| Use ability | 39 |
| Resource trade | 28 |
| Minimap ping | 19 |
| Remove unit | 17 |
| Assign group | 13 |
| Item give/drop | 2 |